 Dungeon Crawl Stone Soup version 0.17-a0-18-gc25b939 (webtiles) character file.

18483 Minkie the Devastator (level 12, 59/59 HPs)
             Began as a Deep Elf Conjurer on Mar 2, 2015.
             Was the Champion of Sif Muna.
             Quit the game on level 13 of the Dungeon on Mar 5, 2015.
             The game lasted 01:42:01 (17706 turns).

Minkie the Devastator (Deep Elf Conjurer)          Turns: 17706, Time: 01:42:01

Health: 59/59      AC: 10    Str:  5    XL:     12   Next: 28%
Magic:  33/33      EV: 20    Int: 27    God:    Sif Muna [******]
Gold:   830        SH:  7    Dex: 16    Spells: 7 memorised, 0 levels left

rFire  . . .     SeeInvis .     G - +10 spear of Spite {flame, Int+2}
rCold  . . .     Clarity  .     P - +2 robe {MR+}
rNeg   + . .     SustAb   .     v - +3 buckler
rPois  .         Gourm    .     (no helmet)
rElec  .         Spirit   .     (no cloak)
rCorr  .         Warding  +     (no gloves)
rMut   .         Stasis   .     l - +0 pair of boots
MR     ++...                    j - amulet of warding
Stlth  ++........               e - +5 ring of protection
                                n - ring of wizardry

@: delayed fireball, very resistant to hostile enchantments, unstealthy
A: no striking features
a: Channel Energy, Forget Spell, Renounce Religion, Release Delayed Fireball


You were on level 13 of the Dungeon.
You worshipped Sif Muna.
Sif Muna was exalted by your worship.
You were not hungry.

You visited 2 branches of the dungeon, and saw 14 of its levels.
You also visited: Ossuary.

You collected 830 gold pieces.

Inventory:

Hand weapons
 G - the +10 spear of Spite (weapon) {flame, Int+2}
   (You found it on level 5 of the Dungeon)

   It has been specially enchanted to burn those struck by it, causing extra
   injury to most foes and up to half again as much damage against particularly
   susceptible opponents.
   It affects your intelligence (+2).
Armour
 l - a +0 pair of boots (worn)
 v - a +3 buckler (worn)
 E - a +2 robe of positive energy
 P - a +2 robe of magic resistance (worn)
 W - a +2 robe of cold resistance
Magical staves
 X - an uncursed staff of cold
Jewellery
 e - a +5 ring of protection (right hand)
 j - an amulet of warding (around neck)
 n - a ring of wizardry (left hand)
 F - an uncursed ring of protection from fire
 J - a +3 ring of intelligence
 K - an uncursed ring of flight
 U - the ring "Cronon Jitt" {SustAb +Inv rN+ MR+ Dex-3 SInv}
   (You found it on level 9 of the Dungeon)

   [ring of sustain abilities]

   It sustains your strength, intelligence and dexterity.
   It affects your dexterity (-3).
   It protects you from negative energy.
   It affects your resistance to hostile enchantments.
   It enhances your eyesight.
   It lets you turn invisible.
Magical devices
 d - a wand of enslavement (15)
 o - a wand of polymorph (12)
 y - a wand of paralysis (12)
 M - a wand of disintegration (15)
 O - a wand of fireball (3)
 S - a wand of hasting (6)
 Z - a wand of fire (11)
Scrolls
 i - a scroll of blinking
 q - a scroll of amnesia
 r - 5 scrolls of teleportation
 t - 2 scrolls of enchant armour
 x - 2 scrolls of recharging
 A - 3 scrolls of enchant weapon
 C - a scroll of fear
 I - a scroll of magic mapping
 Y - a scroll of remove curse
Potions
 g - 4 potions of restore abilities
 k - 3 potions of might
 m - 3 potions of cure mutation
 s - 2 potions of cancellation
 u - 8 potions of curing
 w - 2 potions of flight
 z - 4 potions of haste
 B - a potion of brilliance
 H - 4 potions of heal wounds
 N - 3 potions of magic
 Q - 2 potions of invisibility
 V - 2 potions of ambrosia {unknown}
Books
 a - a book of Battle

   Spells                             Type                      Level
   a - Infusion                       Charms                       1
   b - Shroud of Golubria             Charms/Translocation         2
   c - Song of Slaying                Charms                       2
   d - Spectral Weapon                Hexes/Charms                 3
   e - Regeneration                   Charms/Necromancy            3
 c - a book of Conjurations

   Spells                             Type                      Level
   a - Magic Dart                     Conjuration                  1
   b - Searing Ray                    Conjuration                  2
   c - Dazzling Spray                 Conjuration/Hexes            3
   d - Fulminant Prism                Conjuration/Hexes            4
   e - Iskenderun's Mystic Blast      Conjuration                  4
   f - Iskenderun's Battlesphere      Conjuration/Charms           5
 f - a book of Fire

   Spells                             Type                      Level
   a - Ignite Poison                  Fire/Transmutation           5
   b - Fireball                       Conjuration/Fire             5
   c - Bolt of Fire                   Conjuration/Fire             6
   d - Delayed Fireball               Conjuration/Fire             7
   e - Ring of Flames                 Charms/Fire                  7
 D - an Akashic Record {highlevel, unknown}

   This book is beyond your current level of understanding.

   Spells                             Type                      Level
   a - Dispersal                      Translocation                6
   b - Controlled Blink               Translocation                7
   c - Malign Gateway                 Summoning/Translocation      7
   d - Disjunction                    Translocation                8
   e - Singularity                    Translocation                9
 R - a book of Annihilations {highlevel}

   Spells                             Type                      Level
   a - Poison Arrow                   Conjuration/Poison           6
   b - Chain Lightning                Conjuration/Air              8
   c - Lehudib's Crystal Spear        Conjuration/Earth            8
   d - Glaciate                       Conjuration/Ice              9
   e - Fire Storm                     Conjuration/Fire             9
Miscellaneous
 T - a phial of floods
Comestibles
 b - 13 bread rations
 h - 5 meat rations
 p - 2 royal jellies
 L - 12 chunks of flesh


   Skills:
 - Level 12.0 Dodging
 - Level 2.4 Stealth
 - Level 1.0 Shields
 + Level 10.4 Spellcasting
 + Level 15.3 Conjurations
 - Level 6.0 Charms
 + Level 6.3 Fire Magic


You couldn't memorise any spells.
You knew the following spells:

 Your Spells              Type           Power        Failure   Level  Hunger
a - Magic Dart            Conj           ####         0%          1    None
b - Dazzling Spray        Conj/Hex       ######..     1%          3    None
c - Iskenderun's Battles  Conj/Chrm      ######..     1%          5    ###....
d - Fire Storm            Conj/Fire      ######....   100%        9    #######
e - Fireball              Conj/Fire      ######....   1%          5    ###....
f - Delayed Fireball      Conj/Fire      N/A          38%         7    ######.
g - Bolt of Fire          Conj/Fire      ######....   6%          6    #####..


Dungeon Overview and Level Annotations

Branches:
Dungeon (13/15)            Temple (1/1) D:7            Lair (0/8) D:9
    Orc (0/4) D:10
 Vaults: D:13-14

Altars:
Ashenzari
Cheibriados
Dithmenos
Elyvilon
Fedhas
Gozag
Kikubaaqudgha
Makhleb
Nemelex Xobeh
Okawaru
Qazlal
Ru
Sif Muna
Trog
Vehumet
Xom
Yredelemnul
Zin
The Shining One

Shops:
D:10 :

Annotations:
D:11 Sixotanaka's ghost, powerful FoFi
D:13 exclusion: obsidian statue


Message History

Things that are here:
a dagger; a robe; an orc corpse You butcher the orc corpse.
L - 8 chunks of flesh (gained 3)
Things that are here:
a dagger; a robe A water elemental comes into view.
You see here an orc corpse.
You butcher the orc corpse.
Things that are here:
4 chunks of flesh; an orc skeleton
L - 12 chunks of flesh (gained 4)
Things that are here:
a dagger; a robe Saving game... please wait.
Level annotation: exclusion: obsidian statue Welcome back, Minkie the Deep Elf Conjurer.
Sif Muna whispers: I know many secrets...
Press ? for a list of commands and other information.
Are you sure you want to abandon this character and quit the game? (Confirm with "yes".)

♣ E≈≈≈P ≈≈≈PP.
P≈P≈≈ ########
P≈≈P #......#
#..## #..>...#
#...
#......###.#
#...[..'@..#
#.....[###÷#
#......# #..#
#####)## ##.#
#.)#####...# # #
#)##.' #...#
..########
###)##.#
#...#...#.....##
#....#.#
#...#...#..(....
#......# #...'.
#.......


There were no monsters in sight!

Vanquished Creatures
  Fannar (D:10)
  4 hill giants
  4 ugly things
  A cyclops (D:12)
  A manticore (D:12)
  A centaur skeleton (D:12)
  3 two-headed ogres
  A troll (D:9)
  6 slime creatures
  A trapdoor spider zombie (D:11)
  A hill giant zombie (D:10)
  A wyvern (D:12)
  A deep elf mage (D:13)
  A trapdoor spider (D:10)
  4 hungry ghosts
  2 vampire mosquitoes (D:13)
  A steam dragon (D:10)
  9 yaks (D:10)
  Menkaure (D:5)
  9 orc warriors
  3 ice beasts
  2 sky beasts
  2 necrophages
  5 centaurs
  5 phantoms
  An eye of draining (D:12)
  13 ogres
  A crocodile (D:7)
  5 giant frogs
  A gnoll sergeant (D:9)
  A wyvern zombie (D:9)
  4 big kobolds (D:10)
  10 killer bees
  4 scorpions
  15 wights
  A troll zombie (D:10)
  A quasit (D:8)
  5 electric eels (D:10)
  2 centaur zombies
  A giant frog zombie (D:12)
  4 crimson imps
  3 gnoll shamans (D:10)
  A goliath beetle (D:6)
  11 worker ants
  A jelly (D:8)
  2 giant frog skeletons
  7 orc priests
  10 orc wizards
  5 hounds
  5 iguanas
  4 ogre zombies (D:10)
  Ijyb (D:3)
  2 hound skeletons (D:4)
  5 mummies
  2 worker ant zombies
  10 gnolls
  10 adders
  2 giant mites
  8 worms
  3 shadow imps
  An adder skeleton (D:4)
  2 adder zombies (D:5)
  2 giant geckos
  4 oozes
  25 orcs
  6 bats
  A bat skeleton (D:3)
  A bat zombie (D:5)
  6 gnoll zombies
  15 hobgoblins
  6 quokkas
  7 giant cockroaches
  A giant gecko zombie (D:5)
  2 giant newts
  A giant spore (D:9)
  5 gnoll skeletons (Ossuary)
  15 goblins
  8 goblin skeletons
  5 goblin zombies
  2 hobgoblin skeletons (Ossuary)
  7 hobgoblin zombies
  7 jackals
  22 kobolds
  3 kobold skeletons (Ossuary)
  6 kobold zombies (Ossuary)
  5 orc skeletons
  18 orc zombies
  14 rats
  3 rat skeletons (Ossuary)
  A rat zombie (Ossuary)
  A ballistomycete (D:9)
433 creatures vanquished.

Vanquished Creatures (collateral kills)
  A spriggan (D:8)
  A worker ant (D:8)
2 creatures vanquished.

Vanquished Creatures (others)
  A large abomination (D:13)
  A sixfirhy (D:13)
  A ynoxinul (D:13)
  A chaos spawn (D:13)
  A hippogriff (D:9)
  A centaur (D:9)
  2 shadow imps (D:13)
  2 ufetubi (D:13)
  A gnoll skeleton (Ossuary)
  A goblin skeleton (Ossuary)
  A goblin zombie (Ossuary)
  An orc zombie (Ossuary)
  5 fungi (D:10)
  5 plants (D:10)
24 creatures vanquished.

Grand Total: 459 creatures vanquished

Notes
Turn   | Place    | Note
--------------------------------------------------------------
     0 | D:1      | Minkie, the Deep Elf Conjurer, began the quest for the Orb.
     0 | D:1      | Reached XP level 1. HP: 10/10 MP: 5/5
   375 | D:1      | Reached XP level 2. HP: 15/15 MP: 1/8
   990 | D:1      | Reached XP level 3. HP: 19/19 MP: 9/11
  1022 | D:1      | Learned a level 3 spell: Dazzling Spray
  1301 | D:2      | Found a burning altar of Makhleb.
  1526 | D:2      | Reached skill level 5 in Conjurations
  1845 | D:2      | Reached XP level 4. HP: 24/24 MP: 8/15
  1904 | D:2      | Found a sparkling altar of Nemelex Xobeh.
  3048 | D:3      | Noticed Ijyb
  3062 | D:3      | Killed Ijyb
  3062 | D:3      | Reached XP level 5. HP: 28/28 MP: 2/18
  3072 | D:3      | Learned a level 5 spell: Iskenderun's Battlesphere
  3583 | D:4      | Reached skill level 1 in Charms
  3772 | D:4      | Reached skill level 1 in Shields
  3901 | D:4      | Reached skill level 5 in Spellcasting
  3950 | D:4      | Noticed a phantom
  3962 | D:4      | Killed a phantom
  3962 | D:4      | Reached XP level 6. HP: 32/32 MP: 1/21
  4101 | D:4      | Got a scorched mace
  4114 | D:4      | Identified the +4 mace "Twunegy" {crush, *Rage rF- rN++ Int-4 Dex+3} (You found it on level 4 of the Dungeon)
  4488 | D:4      | Found an ancient bone altar of Kikubaaqudgha.
  4488 | D:4      | Found an iron altar of Okawaru.
  4524 | D:4      | Reached skill level 5 in Dodging
  4671 | D:5      | Entered Level 5 of the Dungeon
  4673 | D:5      | Got an encrusted spear
  4675 | D:5      | Identified the +10 spear of Spite {flame, Int+2} (You found it on level 5 of the Dungeon)
  4688 | D:5      | Reached skill level 6 in Conjurations
  4779 | D:5      | Reached XP level 7. HP: 12/36 MP: 6/23
  5080 | D:5      | Found a white marble altar of Elyvilon.
  5223 | D:5      | Found a blossoming altar of Fedhas.
  5448 | D:5      | Noticed Menkaure
  5451 | D:5      | Killed Menkaure
  5598 | D:5      | Reached skill level 5 in Charms
  5857 | D:6      | Reached XP level 8. HP: 41/41 MP: 15/25
  5898 | D:6      | Reached skill level 7 in Conjurations
  6204 | D:6      | Found a shattered altar of Ashenzari.
  6586 | D:6      | Reached skill level 8 in Spellcasting
  6924 | D:7      | Found a staircase to the Ecumenical Temple.
  6930 | Temple   | Entered the Ecumenical Temple
  6955 | Temple   | Became a worshipper of Sif Muna the Loreminder
  7248 | D:7      | Found a sand-covered staircase.
  7253 | Ossuary  | Entered an ossuary
  8070 | D:7      | Found a radiant altar of Vehumet.
  8875 | D:8      | Reached XP level 9. HP: 45/45 MP: 15/29
  9071 | D:8      | Reached skill level 9 in Spellcasting
  9403 | D:8      | Got an ancient short sword
  9437 | D:8      | Acquired Sif Muna's first power
  9485 | D:8      | Identified the +8 short sword of Proximity {flame, Int-5 Dex+7} (You found it on level 8 of the Dungeon)
  9512 | D:8      | Found a shattered altar of Ashenzari.
  9601 | D:8      | Found a deep blue altar of Sif Muna.
  9911 | D:9      | Reached skill level 10 in Spellcasting
  9987 | D:9      | Noticed a cyan ugly thing
 10071 | D:9      | Killed a cyan ugly thing
 10234 | D:9      | Got a heavily runed marble ring
 10237 | D:9      | Identified the ring "Cronon Jitt" {SustAb +Inv rN+ MR+ Dex-3 SInv} (You found it on level 9 of the Dungeon)
 10269 | D:9      | Acquired Sif Muna's second power
 10350 | D:9      | Reached skill level 10 in Dodging
 10417 | D:9      | Reached XP level 10. HP: 38/50 MP: 21/31
 10621 | D:9      | Found a staircase to the Lair.
 10693 | D:9      | Reached skill level 10 in Conjurations
 11075 | D:9      | Found a basalt altar of Yredelemnul.
 11184 | D:10     | Entered Level 10 of the Dungeon
 11298 | D:10     | Noticed a hill giant
 11304 | D:10     | Killed a hill giant
 11464 | D:10     | Noticed Fannar
 11485 | D:10     | Killed Fannar
 11485 | D:10     | Reached skill level 11 in Dodging
 12319 | D:10     | Reached skill level 12 in Dodging
 12964 | D:10     | Reached XP level 11. HP: 45/54 MP: 24/32
 13572 | D:10     | Upgraded the game from 0.16-a0-4127-g24fbb24 to 0.16-a0-4134-g2ca243f
 13611 | D:10     | Found a staircase to the Orcish Mines.
 13628 | D:10     | Reached skill level 13 in Conjurations
 13643 | D:10     | Acquired Sif Muna's third power
 13920 | D:10     | Found Onank's Book Shoppe.
 14373 | D:11     | Noticed a hill giant
 14374 | D:11     | Noticed a hill giant
 14433 | D:11     | Noticed Sixotanaka's ghost (powerful FoFi)
 14511 | D:11     | Killed a hill giant
 14517 | D:11     | Killed a hill giant
 14517 | D:11     | Reached skill level 14 in Conjurations
 14715 | D:11     | Learned a level 9 spell: Fire Storm
 15242 | D:11     | Reached skill level 1 in Fire Magic
 16266 | D:12     | Reached skill level 5 in Fire Magic
 16266 | D:12     | Reached XP level 12. HP: 41/59 MP: 0/33
 16564 | D:13     | Reached skill level 15 in Conjurations
 16718 | D:13     | Got a tattered robe
 16729 | D:13     | Identified the +0 robe "Xucicarch" {MR+} (You found it on level 13 of the Dungeon)
 16803 | D:13     | Received a gift from Sif Muna
 16811 | D:13     | Learned a level 5 spell: Fireball
 16819 | D:13     | Learned a level 7 spell: Delayed Fireball
 16826 | D:13     | Learned a level 6 spell: Bolt of Fire
 17706 | D:13     | Upgraded the game from 0.16-a0-4134-g2ca243f to 0.17-a0-18-gc25b939
 17706 | D:13     | Quit the game

Action                   |  1- 3 |  4- 6 |  7- 9 | 10-12 || total
-------------------------+-------+-------+-------+-------++-------
Melee: Dagger            |     3 |    25 |       |       ||    28
       Spear             |       |     5 |    10 |    27 ||    42
 Cast: Magic Dart        |    92 |   175 |   403 |   505 ||  1175
       Dazzling Spray    |     1 |    22 |    44 |    13 ||    80
       Iskenderun's Batt |       |       |    22 |    73 ||    95
       Bolt of Fire      |       |       |       |    10 ||    10
       Fireball          |       |       |       |     8 ||     8
       Delayed Fireball  |       |       |       |     1 ||     1
  Use: Scroll            |       |     6 |    20 |     6 ||    32
 Stab: Sleeping          |     1 |       |     3 |     1 ||     5
       Invisible         |     1 |     2 |     2 |       ||     5
  Eat: Chunk             |     3 |     9 |    12 |    34 ||    58
       Pizza             |       |       |     1 |     1 ||     2
       Meat ration       |       |       |     1 |       ||     1
       Beef jerky        |       |       |     2 |     2 ||     4
